Map: Odyssee LE

Players

Panda

  • Race: Zerg Zerg
  • League: Platinum
  • Spawn Location: 5:00

Yohm - Winner!

  • Race: Zerg Zerg
  • League: Platinum
  • Spawn Location: 11:00

VOD

Have the link to the VOD?

Description

Time

  • Played on: Aug. 31, 2017, 2:04 p.m.
  • Length: 2:32
Show
View Real Time Build Order
Export as new Build Order

Panda Zerg 

Build Orders: Pool Only 

Get SALT Encoding   

  12  0:25  Spawning Pool  
  12  0:27  Drone x2  
  13  0:30  Drone  
  14  0:39  Overlord  
  14  1:12  Zergling x6  
  17  1:24  Drone  
  18  1:38  Spine Crawler  
  17  1:41  Zergling x2  
  19  2:08  Spine Crawler  
  19  2:12  Spine Crawler  
Show
View Real Time Build Order
Export as new Build Order

Yohm Zerg - Winner!

Build Orders: Pool First 

Get SALT Encoding   

  12  0:02  Drone  
  13  0:09  Drone  
  14  0:22  Extractor  
  14  0:23  Extractor, Drone  
  14  0:24  Drone  
  16  0:30  Overlord  
  16  0:48  Spawning Pool  
  16  0:49  Drone x2  
  17  0:53  Extractor  
  17  0:56  Drone  
  17  1:09  Drone  
  18  1:27  Hatchery  
  17  1:34  Queen  
  19  1:48  Zergling x2  
  19  1:49  Zergling x4  
  23  2:04  Spine Crawler  
  21  2:31  Hatchery  
Tags
 
Matchup
ZvZ
Race
Zerg
Replay Pack
replays1
Spawn Locations
Cross Positions
Add a new tag
Caveats
  • Supply blocks, unpowered buildings, or Contaminate may cause inaccurate times.
  • Supply counts are checked every 10 seconds.